 Dungeon Crawl Stone Soup version 0.30.0-5-g1a98f26d00 (webtiles) character file.

Game seed: 5516735519464080295

154 Gabide the Ruffian (level 5, -1/41 HPs)
             Began as a Draconian Gladiator on May 9, 2023.
             Slain by a gnoll
             ... wielding a +0 halberd
              (13 damage)
             ... on level 4 of the Dungeon.
             The game lasted 00:03:09 (2761 turns).

Gabide the Ruffian (Draconian Gladiator)            Turns: 2761, Time: 00:03:09

Health: -1/41      AC:  5    Str: 18    XL:     5   Next: 13%
Magic:  5/5        EV: 12    Int:  8    God:
Gold:   196        SH:  0    Dex: 13    Spells: 4/4 levels left

rFire   . .          .
                       - Unarmed
rCold   . . .        (no shield)
rNeg    . . .        (body armour unavailable)
rPois   .            a - +0 hat
rElec   .            (no cloak)
rCorr   .            (no gloves)
SInv    .            (no boots)
Will    .....        (no amulet)
Stlth   +            (no ring)
HPRegen 0.26/turn    (no ring)
MPRegen 0.09/turn

%: no passive effects
@: no status effects
A: AC +5, unfitting armour, cold-blooded
a: no special abilities


You were on level 4 of the Dungeon.
You visited 1 branch of the dungeon, and saw 4 of its levels.

You collected 196 gold pieces.

Inventory:

Missiles
 b - 3 throwing nets (quivered)
 c - a javelin
Armour
 a - a +0 hat (worn)
Jewellery
 j - an amulet of faith
Wands
 f - a wand of mindburst (13)
Scrolls
 e - a scroll of amnesia
 g - a scroll of poison
 h - 3 scrolls of blinking
 m - a scroll of teleportation
Potions
 d - a potion of cancellation
 i - 2 potions of lignification
 k - 2 potions of heal wounds {unknown}
 n - a potion of curing {unknown}
 o - a potion of attraction {unknown}
 p - a potion of invisibility {unknown}
 q - 3 potions of mutation


   Skills:
 - Level 2.1 Fighting
 - Level 1.7 Throwing
 - Level 2.6 Dodging
 * Level 5.9 Unarmed Combat


You had 4 spell levels left.
You didn't know any spells.
Your spell library was empty.

Dungeon Overview and Level Annotations

Branches:
Dungeon (4/15)
 Temple: D:4-7

Altars:
Ashenzari


Innate Abilities, Weirdness & Mutations

Your plain brown scales are hard. (AC +5)
You cannot fit into any form of body armour.
You are cold-blooded and may be slowed by cold attacks.


Message History

The gnoll barely misses you. x2
You hit the gnoll.
Your tail-slap misses the gnoll.
The gnoll is moderately wounded.
The gnoll hits you with a +0 flail. The gnoll barely misses you.
The gnoll hits you with a +0 club.
You are too injured to fight recklessly!
You are too injured to fight recklessly!
You are too injured to fight recklessly!
You are too injured to fight recklessly!
You are too injured to fight recklessly!
You are too injured to fight recklessly!
You are too injured to fight recklessly!
You are too injured to fight recklessly!
You are too injured to fight recklessly!
You are too injured to fight recklessly!
You are too injured to fight recklessly!
You are too injured to fight recklessly!
You are too injured to fight recklessly!
You are too injured to fight recklessly!
You are too injured to fight recklessly!
You are too injured to fight recklessly!
You are too injured to fight recklessly!
You are too injured to fight recklessly!
You are too injured to fight recklessly!
You are too injured to fight recklessly!
You are too injured to fight recklessly!
You are too injured to fight recklessly!
The gnoll attacks as you move away! The gnoll hits you with a +0 club.
You punch the gnoll!
The gnoll is heavily wounded.
The gnoll barely misses you.
You hit the gnoll but do no damage.
The gnoll is heavily wounded.
The gnoll hits you with a +0 flail.
* * * LOW HITPOINT WARNING * * *
You barely miss the gnoll.
The gnoll is heavily wounded.
The gnoll closely misses you.
The gnoll hits you from afar with a +0 halberd!
You die...

#.#.#.#.###.####
#..............#
#.#....#..#.##.#
##.#.##....#.# #
##..........#..
#..#......######
#....###..#
#.#.....)...#
#@#####.....#
##g## #.....#
#.gg####.....#
#...#.[.##.....#
#...#...########
#.#####.# #.
#.).# # #g#.#
.....#


You could see 3 gnolls.

Vanquished Creatures
  A hound (D:4)
  An orc wizard (D:2)
  2 gnolls
  2 adders (D:3)
  2 worms
  3 orcs (D:2)
  4 ball pythons
  2 bats
  2 endoplasms (D:2)
  3 giant cockroaches
  4 goblins
  8 hobgoblins
  2 jackals (D:2)
  4 kobolds
  3 quokkas
  A frilled lizard (D:3)
  7 rats
51 creatures vanquished.

Notes
Turn   | Place    | Note
-------+----------+-------------------------------------------
     0 | D:1      | Gabide the Draconian Gladiator began the quest for the Orb.
     0 | D:1      | Reached XP level 1. HP: 17/17 MP: 1/1
   426 | D:1      | Reached XP level 2. HP: 4/24 MP: 2/2
   600 | D:1      | Reached skill level 4 in Unarmed Combat
  1139 | D:2      | Reached XP level 3. HP: 28/29 MP: 3/3
  1441 | D:2      | Reached skill level 5 in Unarmed Combat
  1441 | D:2      | Reached XP level 4. HP: 17/36 MP: 4/4
  1933 | D:3      | Found a broken altar of Ashenzari.
  2304 | D:3      | Found a faded altar of an unknown god.
  2639 | D:4      | Reached XP level 5. HP: 29/41 MP: 5/5
  2761 | D:4      | Slain by a gnoll

Illustrated notes

Levels and vault maps discovered:
D:1:      mrwooster_arrival_statue_2, layout_loops_corners
D:2:      layout_rooms
D:3:      layout_basic, evilmike_ruin_ashenzari,
          shapermc_ecumenical_altar_mp_vishouse
D:4:      layout_loops_cross, amcnicky_altar_gilded, minmay_misc_feat_columns,
          grunt_ministairs_2, hangedman_decor_peaks_small

Skill      XL: |  1  2  3 |
---------------+----------+-----
Unarmed Combat | 4 5 |  5.9
Fighting       | |  2.1
Throwing       | |  1.7
Dodging        | |  2.6

Action                     |  1- 3 |  4- 6 || total
---------------------------+-------+-------++-------
  Melee: Unarmed           |    97 |    64 ||   161
         Tailslap          |    17 |     7 ||    24
         Punch             |     8 |     4 ||    12
    Use: Scroll            |     6 |     5 ||    11
   Stab: Sleeping          |     1 |       ||     1
 Armour: Skin              |    19 |    13 ||    32
  Dodge: Dodged            |    49 |    32 ||    81
